 Dungeon Crawl Stone Soup version 0.18.1-50-g88ac8fd (webtiles) character file.

4948 nikopol the Fighter (level 10, -1/65 HPs)
             Began as a Gargoyle Berserker on Sept 17, 2016.
             Was a High Priest of Trog.
             Splashed by a gnoll's acid (10 damage)
             ... on level 9 of the Dungeon.
             The game lasted 00:31:36 (8974 turns).

nikopol the Fighter (Gargoyle Berserker)            Turns: 8974, Time: 00:31:37

Health: -1/65      AC: 12    Str: 22    XL:     10   Next: 52%
Magic:  0/10       EV: 11    Int:  7    God:    Trog [*****.]
Gold:   477        SH:  0    Dex: 15    Spells: 0 memorised, 9 levels left

rFire  . . .     SeeInvis .     l - +3 morningstar
rCold  . . .     Gourm    .     h - +0 chain mail
rNeg   + . .     Faith    .     (no shield)
rPois  ∞         Spirit   +     (no helmet)
rElec  +         Dismiss  .     m - +0 cloak
rCorr  .         Reflect  .     (no gloves)
SustAt .         Harm     .     g - +0 pair of boots
MR     .....                    d - amulet of guardian spirit
Stlth  ..........               (no ring)
                                k - +3 ring of dexterity

@: corroded, not resistant to hostile enchantments, extremely unstealthy
A: negative energy resistance 1, electricity resistance, unbreathing,
petrification resistance, rot immunity, AC +7
a: Berserk, Trog's Hand, Brothers in Arms, Burn Spellbooks, Renounce Religion


You were on level 9 of the Dungeon.
You worshipped Trog.
Trog was extremely pleased with you.
You were not hungry.

You visited 1 branch of the dungeon, and saw 9 of its levels.

You collected 477 gold pieces.

Inventory:

Hand Weapons
 l - a +3 morningstar (weapon)
 y - a +3 longbow of flaming
Missiles
 C - 22 arrows
Armour
 g - a +0 pair of boots (worn)
 h - a +0 chain mail (worn)
 m - a +0 cloak (worn)
Jewellery
 d - an amulet of guardian spirit (around neck)
 k - a +3 ring of dexterity (left hand)
Scrolls
 n - a scroll of acquirement {unknown}
 p - a scroll of recharging
 q - a scroll of vulnerability {unknown}
 r - a scroll of blinking
 t - a scroll of fear
 u - 2 scrolls of teleportation
Potions
 a - a potion of might
 e - 5 potions of flight
 f - a potion of magic
 i - 5 potions of curing
 w - 3 potions of resistance
 x - a potion of invisibility
 z - a potion of brilliance {unknown}
 A - a potion of mutation {unknown}
 B - 2 potions of cancellation
Comestibles
 b - 2 chunks of flesh
 c - 9 bread rations
 j - 3 meat rations
 E - 9 fruits


   Skills:
 + Level 8.9 Fighting
 + Level 8.2 Maces & Flails
 + Level 8.7 Armour
 + Level 6.5 Dodging


You had 9 spell levels left.
You didn't know any spells.

Dungeon Overview and Level Annotations

Branches:
Dungeon (9/15)             Temple (0/1) D:6            Lair (0/8) D:8
    Orc: D:9-12

Altars:
Dithmenos
Elyvilon
Gozag
Nemelex Xobeh
Okawaru
Zin


Innate Abilities, Weirdness & Mutations

You are resistant to torment.
Your stone body is resilient (AC +7).
You are immune to poison.
You resist negative energy.
You are resistant to electric shocks.
You can survive without breathing.
You are immune to petrification.
You are immune to rotting.


Message History

You closely miss the gnoll. The gnoll closely misses you.
The gnoll zaps a wand.
The bolt of acid hits the gnoll.
The acid corrodes the gnoll!
The bolt of acid hits you!
The acid burns!
It is a wand of acid.
You barely miss the gnoll.
The gnoll is almost dead.
The gnoll zaps a wand.
The bolt of acid hits the gnoll.
The acid corrodes the gnoll!
The gnoll dies!
The bolt of acid hits you!
* * * LOW HITPOINT WARNING * * *
The acid corrodes you!
The acid burns!
* * * LOW HITPOINT WARNING * * *
The gnoll misses you.
You see here a club.
You hit the gnoll.
The gnoll is moderately wounded.
The gnoll hits you but does no damage.
The gnoll zaps a wand.
The bolt of acid hits you! The acid corrodes you!
The acid burns!
You die...

.. #.# .. #.# ....
##.####..... ...........
#.## #......%...
#....##........#
#....g@........#
#########...##........#
#...#.......##........##.
#.#.#....#.>$.........'..
#.#.#....#####((......##
#......#######)########
##.##<.#(/..().#
####.###.#.#######
#........#.####


You could see a gnoll.

Vanquished Creatures
  The ghost of Duraxyll the Ducker, a novice MfBe of Trog (D:4)
  A spriggan (D:8)
  A wyvern (D:8)
  4 yaks (D:9)
  2 hippogriffs (D:7)
  Menkaure (D:7)
  2 orc warriors
  An ice beast (D:5)
  2 black bears (D:7)
  2 sky beasts
  A phantom (D:6)
  2 ogres
  A necrophage (D:6)
  2 centaurs
  2 giant frogs (D:9)
  A water moccasin zombie (D:6)
  2 scorpions
  5 wights (D:7)
  A howler monkey (D:7)
  2 centaur zombies
  3 crimson imps
  4 giant frog zombies
  An orc priest (D:7)
  3 centaur skeletons
  Crazy Yiuf (D:2)
  4 hounds
  A jelly (D:6)
  7 orc wizards
  6 worker ants
  2 hound zombies
  2 hound skeletons
  2 worker ant zombies
  Robin (D:2)
  10 gnolls
  12 adders
  2 shadow imps
  An ooze (D:2)
  5 adder zombies (D:4)
  3 adder skeletons (D:4)
  5 worms
  2 dart slugs
  6 giant geckos
  24 orcs
  3 ball pythons
  10 giant cockroaches
  21 goblins
  8 hobgoblins
  12 jackals
  3 quokkas
  6 bats
  2 giant cockroach zombies
  6 giant newts
  8 kobolds
  A quokka skeleton (D:4)
  13 rats
  4 fungi (D:2)
240 creatures vanquished.

Vanquished Creatures (others)
  A gnoll (D:9)
  A fungus (D:2)
2 creatures vanquished.

Grand Total: 242 creatures vanquished

Notes
Turn   | Place    | Note
--------------------------------------------------------------
     0 | D:1      | nikopol the Gargoyle Berserker began the quest for the Orb.
     0 | D:1      | Reached XP level 1. HP: 14/14 MP: 1/1
   184 | D:1      | Reached XP level 2. HP: 19/20 MP: 2/2
   315 | D:1      | Reached ** piety under Trog
   350 | D:1      | Reached XP level 3. HP: 23/24 MP: 3/3
  1271 | D:2      | Reached XP level 4. HP: 26/29 MP: 4/4
  1600 | D:2      | Noticed Robin
  1846 | D:2      | Killed Robin
  1846 | D:2      | Reached XP level 5. HP: 18/34 MP: 5/5
  1848 | D:2      | Reached *** piety under Trog
  2127 | D:2      | Noticed Crazy Yiuf
  2133 | D:2      | Killed Crazy Yiuf
  2428 | D:3      | Found a white marble altar of Elyvilon.
  2692 | D:3      | Reached XP level 6. HP: 39/39 MP: 6/6
  3496 | D:4      | Found a shadowy altar of Dithmenos.
  3500 | D:4      | Found a sparkling altar of Nemelex Xobeh.
  3531 | D:4      | Noticed Duraxyll's ghost (novice MfBe)
  3553 | D:4      | Killed Duraxyll's ghost
  3553 | D:4      | Reached skill level 5 in Fighting
  3553 | D:4      | Reached XP level 7. HP: 35/44 MP: 7/7
  3775 | D:4      | Reached **** piety under Trog
  3828 | D:4      | Reached skill level 5 in Maces & Flails
  3852 | D:4      | Reached skill level 5 in Armour
  3889 | D:4      | Reached XP level 8. HP: 12/51 MP: 8/8
  4442 | D:5      | Entered Level 5 of the Dungeon
  4544 | D:5      | Found an opulent altar of Gozag.
  5453 | D:6      | Reached XP level 9. HP: 53/56 MP: 9/9
  5466 | D:6      | Found a staircase to the Ecumenical Temple.
  5716 | D:6      | Reached skill level 5 in Dodging
  7210 | D:7      | Found an iron altar of Okawaru.
  7224 | D:7      | Noticed Menkaure
  7231 | D:7      | Killed Menkaure
  7268 | D:7      | Reached ***** piety under Trog
  7547 | D:7      | Reached XP level 10. HP: 31/64 MP: 5/10
  7898 | D:8      | Found a glowing silver altar of Zin.
  8157 | D:8      | Found a staircase to the Lair.
  8784 | D:9      | Received a gift from Trog
  8974 | D:9      | Splashed by a gnoll's acid

Skill      XL: |  1  2  3  4  5  6  7  8  9 10 |
---------------+-------------------------------+-----
Dodging        | 2 3 4 5 6 |  6.5
Fighting       | 4 5 6 8 |  8.9
Armour         | 3 4 5 6 8 |  8.7
Maces & Flails | 4 5 6 7 8 |  8.2

Action                   |  1- 3 |  4- 6 |  7- 9 | 10-12 || total
-------------------------+-------+-------+-------+-------++-------
Melee: Mace              |   121 |   298 |   568 |       ||   987
       Morningstar       |       |       |    55 |   141 ||   196
Invok: Berserk           |       |     5 |     4 |       ||     9
       Trog's Hand       |       |     1 |     1 |       ||     2
       Burn Spellbooks   |       |       |     1 |       ||     1
  Use: Scroll            |       |       |    11 |     4 ||    15
  Eat: Chunk             |     1 |     7 |    19 |     5 ||    32
       Bread ration      |       |     1 |       |       ||     1
       Beef jerky        |       |     1 |       |       ||     1
Armor: Animal skin       |    26 |       |       |       ||    26
       Chain mail        |    42 |   200 |   555 |   165 ||   962
Dodge: Dodged            |    82 |   129 |   446 |   146 ||   803
